 Dungeon Crawl Stone Soup version 0.30.0-29-ga12c61a403 (webtiles) character file.

Game seed: 10618055886654372544

235 seaoflcl the Trooper (level 5, -5/42 HPs)
             Began as a Demonspawn Fighter on June 16, 2023.
             Was an Initiate of Gozag.
             Killed by divine providence
             ... invoked by an orc priest
              (13 damage)
             ... on level 4 of the Dungeon.
             The game lasted 00:04:13 (2768 turns).

seaoflcl the Trooper (Demonspawn Fighter)           Turns: 2768, Time: 00:04:14

Health: -5/42      AC:  9    Str: 18    XL:     5   Next: 76%
Magic:  5/5        EV:  9    Int: 10    God:    Gozag
Gold:   108        SH:  4    Dex: 12    Spells: 4/4 levels left

rFire   . . .        q - +0 hand axe (heavy)
rCold   . . .        c - +0 buckler
rNeg    . . .        b - +0 scale mail
rPois   .            (no helmet)
rElec   .            (no cloak)
rCorr   .            (no gloves)
SInv    .            (no boots)
Will    +....        (no amulet) Stlth
                     i - ring of willpower
HPRegen 0.27/turn    (no ring)
MPRegen 0.09/turn

%: no passive effects
@: mighty, gold aura
A: thin metallic scales 2
a: Renounce Religion, Potion Petition, Call Merchant, Bribe Branch


You were on level 4 of the Dungeon.
You worshipped Gozag.
Gozag was aware of your devotion.
You visited 2 branches of the dungeon, and saw 5 of its levels.

You collected 154 gold pieces.
You paid 46 gold pieces to Gozag.

Inventory:

Hand Weapons
 a - a +0 war axe
 q - a +0 heavy hand axe (weapon)
Missiles
 h - a poisoned dart (quivered)
 o - 3 curare-tipped darts
Armour
 b - a +0 scale mail (worn)
 c - a +0 buckler (worn)
Jewellery
 i - a ring of willpower (left hand)
 j - a ring of ice
Wands
 s - a wand of iceblast (11)
Scrolls
 e - 2 scrolls of teleportation {unknown}
 f - a scroll of immolation {unknown}
 l - 2 scrolls of fog {unknown}
 m - a scroll of amnesia {unknown}
 p - 2 scrolls of identify {unknown}
 t - a scroll of butterflies {unknown}
 y - a scroll of noise {unknown}
Potions
 g - 4 potions of curing {unknown}
 k - a potion of brilliance {unknown}
 n - a potion of heal wounds {unknown}
 r - a potion of magic {unknown}
 u - a potion of attraction {unknown}
 v - a potion of ambrosia {unknown}
 w - a potion of cancellation {unknown}
 x - a potion of flight {unknown}


   Skills:
 + Level 3.7 Fighting
 * Level 3.5 Axes
 + Level 1.6 Throwing
 + Level 3.4 Armour
 + Level 3.4 Shields


You had 4 spell levels left.
You didn't know any spells.
Your spell library contained the following spells:

 Spells                   Type           Power      Damage    Failure   Level
 Beastly Appendage        Tmut           0%         N/A       83%         1
 Magic Dart               Conj           0%         1d3       83%         1
 Call Imp                 Summ           0%         N/A       92%         2
 Lesser Beckoning         Tloc           0%         N/A       92%         2
 Wereblood                Tmut           0%         N/A       92%         2
 Gell's Gravitas          Tloc           0%         N/A       99%         3
 Mephitic Cloud           Conj/Pois/Air  0%         N/A       99%         3
 Ozocubu's Armour         Ice            0%         N/A       99%         3
 Spider Form              Tmut/Pois      0%         N/A       99%         3
 Teleport Other           Tloc           0%         N/A       99%         3
 Ozocubu's Refrigeration  Ice            0%         4d7       100%        7


Dungeon Overview and Level Annotations

Branches:
Dungeon (4/15)             Temple (1/1) D:4

Altars:
Dithmenos
Fedhas
Gozag
Kikubaaqudgha
Makhleb
Nemelex Xobeh
Okawaru
Qazlal
Sif Muna
Trog
Uskayaw
Yredelemnul

Shops:
D:1 :


Innate Abilities, Weirdness & Mutations

You are mostly covered in thin metallic scales. (AC +3)


Message History

The orc priest calls down the wrath of Beogh upon you.
Beogh smites you!
There is an open door here.
Things that are here:
a +0 dagger; a goblin skeleton; a howler monkey skeleton You start resting.
An orc is nearby!
The orc hits you but does no damage.
You barely miss the orc. The orc barely misses you.
The orc hits you with a +0 club.
The orc priest invokes the aid of Beogh against you.
Beogh smites you!
You closely miss the orc. You slash the orc!
You kill the orc!
The orc hits you but does no damage.
You barely miss the orc. The orc closely misses you.
The orc priest begins to cast a cantrip, but forgets the words!
The orc barely misses you. The orc priest hits you with a +0 club.
You hit the orc.
The orc is heavily wounded.
You barely miss the orc priest. The orc barely misses you.
The orc priest completely misses you. The orc hits you with a +0 club.
You block the orc priest's attack.
You feel very mighty all of a sudden.
The orc priest invokes the aid of Beogh against you.
Beogh smites you!
* * * LOW HITPOINT WARNING * * *
The orc hits you but does no damage.
You hit the orc priest.
The orc priest is lightly wounded.
You hit the orc.
You kill the orc!
The orc priest barely misses you.
You completely miss the orc priest.
The orc priest is lightly wounded.
You barely miss the orc priest.
The orc priest invokes the aid of Beogh against you.
Beogh smites you!
You die...
Your body crumbles into a pile of gold.

............# #........+
####.>.#.#### ###.$......#
#.......# #......o...# #.⌠.⌠.⌠.##
#.....o#####
#.8.8.8..#########.....o#
##........##.....##....o.########
..........##.###.##..............
########.###.# #.##..............
.......÷[.##.###@########........
########.......oo########o.......
####..................o.o........
.........###.############........
.............# #........
........###### #........
..........# #........ ..........#
#........ .....##...########
#........


You could see 2 orc priests.

Vanquished Creatures
  A howler monkey (D:4)
  A jelly (D:4)
  An orc wizard (D:4)
  2 adders
  An ufetubus (D:3)
  4 worms
  2 dart slugs
  10 orcs
  10 endoplasms
  4 giant cockroaches
  4 hobgoblins
  6 jackals
  4 quokkas
  7 ball pythons
  8 bats
  4 frilled lizards
  10 goblins
  3 kobolds
  7 rats
89 creatures vanquished.

Notes
Turn   | Place    | Note
-------+----------+-------------------------------------------
     0 | D:1      | seaoflcl the Demonspawn Fighter began the quest for the
                  | Orb.
     0 | D:1      | Reached XP level 1. HP: 18/18 MP: 1/1
    22 | D:1      | Found Gefi's Book Emporium.
    98 | D:1      | Gained mutation: You are partially covered in thin metallic
                  | scales. (AC +2) [demonic ancestry]
    98 | D:1      | Reached XP level 2. HP: 19/24 MP: 2/2
   391 | D:1      | Gained mutation: You are mostly covered in thin metallic
                  | scales. (AC +3) [demonic ancestry]
   391 | D:1      | Reached XP level 3. HP: 29/29 MP: 3/3
   918 | D:2      | Reached XP level 4. HP: 34/35 MP: 4/4
  1111 | D:3      | Found a stormy altar of Qazlal.
  1112 | D:3      | Found a hide-covered altar of Uskayaw.
  1321 | D:3      | Reached skill level 1 in Throwing
  2197 | D:4      | Found a sparkling altar of Nemelex Xobeh.
  2282 | D:4      | Reached XP level 5. HP: 19/41 MP: 5/5
  2282 | D:4      | Found a staircase to the Ecumenical Temple.
  2453 | Temple   | Entered the Ecumenical Temple
  2551 | Temple   | Became a worshipper of Gozag Ym Sagoz the Greedy
  2768 | D:4      | Killed from afar by an orc priest

Illustrated notes

Levels and vault maps discovered:
D:1:      wander_arrival_chamber, layout_rooms, serial_forest,
          infiniplex_forest_end_1, infiniplex_forest_clump_curved,
          infiniplex_forest_clump_diagonal, infiniplex_forest_lined_room_3,
          infiniplex_forest_straight_5, infiniplex_forest_corner_1,
          serial_shops, nicolae_shop_window_shopping
D:2:      layout_rooms, serial_glass, glass_columns_a, glass_columns_b,
          glass_columns_a, glass_columns_b, glass_columns_c, glass_columns_c,
          minmay_misc_feat_cross, minmay_circle_x
D:3:      layout_basic, gammafunk_temple_overflow_claw,
          chequers_serial_rivers_room_b
D:4:      layout_basic, pdpol_wu_jian_five_deadly_venoms,
          nicolae_overflow_hallway_of_the_gods, nemelex_dance_club_becter,
          minmay_temple_entry_drinking_statues, dreamdust_mushroom_princess
Temple:   compressed_dpeg_circular_temple

Skill      XL: |  1  2  3  4 |
---------------+-------------+-----
Axes           | 2 3 |  3.5
Shields        | 3 |  3.4
Armour         | 3 |  3.4
Throwing       | 1 |  1.6
Fighting       | |  3.7

Action                     |  1- 3 |  4- 6 || total
---------------------------+-------+-------++-------
  Melee: War axe           |   110 |       ||   110
         Hand axe          |    18 |    96 ||   114
  Throw: Dart              |       |     2 ||     2
    Use: Potion            |       |     1 ||     1
 Armour: Scale mail        |    96 |    60 ||   156
  Dodge: Dodged            |    62 |    57 ||   119
  Block: Buckler           |    33 |    26 ||    59
